Map: 10000 Feet LE

Players

Joeyjojo - Winner!

  • Race: Terran Terran
  • Spawn Location: 11:00

VOD

Have the link to the VOD?

Description

Time

  • Played on: Dec. 29, 2025, 3:07 p.m.
  • Length: 20:27
Show
View Real Time Build Order
Export as new Build Order

Joeyjojo Terran - Winner!

Build Orders:  

Get SALT Encoding   

  12  0:00  SCV  
  13  0:21  Supply Depot  
  13  0:25  SCV  
  14  0:42  SCV  
  14  0:43  Refinery  
  15  0:59  Barracks  
  15  1:04  SCV  
  16  1:21  SCV  
  17  1:31  Refinery  
  17  1:38  SCV  
  18  1:55  SCV  
  19  2:11  Factory, Marine  
  19  2:19  Orbital Command  
  20  2:30  Supply Depot  
  20  2:36  Marine  
  21  2:56  SCV  
  22  3:05  Marine  
  23  3:13  SCV  
  23  3:14  Starport  
  23  3:15  Factory Tech Lab  
  24  3:30  SCV  
  25  3:41  Bunker  
  25  3:47  Siege Tank  
  28  3:51  Marine  
  29  4:08  SCV  
  30  4:24  SCV  
  31  4:35  Starport Reactor  
  31  5:00  Command Center  
  31  5:07  Siege Tank  
  31  5:11  Supply Depot  
  31  5:14  Supply Depot  
  31  5:41  SCV, Medivac x2, Marine  
  31  5:44  Supply Depot  
  37  5:58  SCV  
  38  6:06  Marine  
  38  6:08  Siege Tank  
  42  6:15  SCV  
  43  6:31  SCV, Marine  
  43  6:34  Barracks  
  43  6:36  Supply Depot  
  45  6:47  Supply Depot  
  45  6:53  Orbital Command  
  45  7:16  SCV  
  45  7:18  Marine  
  47  7:20  Siege Tank  
  47  7:28  Siege Tank  
  50  7:30  SCV  
  50  7:32  Siege Tank  
  50  7:33  SCV  
  50  7:36  Refinery  
  52  7:40  Refinery  
  52  7:42  Barracks  
  52  7:43  Marine  
  52  7:47  SCV  
  54  7:50  SCV  
  56  8:01  Barracks Tech Lab  
  56  8:04  SCV  
  56  8:07  SCV  
  56  8:08  Marine  
  58  8:28  Marine  
  58  8:29  SCV x2  
  60  8:33  Marine  
  61  8:44  Supply Depot  
  61  8:46  SCV x2  
  61  8:49  Supply Depot  
  63  8:50  Stimpack  
  63  8:52  Supply Depot  
  63  8:53  Marine  
  64  9:07  SCV x2  
  66  9:10  Marine  
  66  9:11  Marine  
  66  9:13  Engineering Bay  
  66  9:16  Engineering Bay  
  66  9:18  Marine, Siege Tank  
  69  9:21  Siege Tank  
  69  9:22  Supply Depot  
  69  9:24  SCV x2  
  69  9:25  Siege Tank  
  71  9:33  Supply Depot  
  71  9:35  Marine x2  
  71  9:38  Supply Depot  
  73  9:41  SCV x2, Siege Tank  
  78  9:58  SCV x2  
  80  10:15  SCV x2  
  82  10:23  Marine  
  82  10:24  Marine x2  
  82  10:26  Siege Tank  
  88  10:30  Medivac  
  88  10:31  Medivac  
  88  10:32  SCV x2  
  94  10:48  Marine x2  
  94  10:49  SCV, Marine  
  98  11:11  Siege Tank  
  98  11:12  Medivac  
  98  11:13  Medivac, Marine x2  
  98  11:14  Marauder  
  109  11:38  Marine  
  111  11:40  Unknown  
  111  11:44  Marauder  
  111  11:45  Command Center  
  111  11:46  Refinery  
  111  11:49  Refinery  
  113  11:51  Barracks Reactor  
  113  11:52  Siege Tank  
  113  11:54  Siege Tank  
  112  12:03  Marine  
  113  12:14  Marauder  
  115  12:28  Marine  
  116  12:31  Siege Tank  
  119  12:43  Marauder  
  121  12:53  Marine  
  122  13:09  SCV x2  
  124  13:13  Marauder  
  124  13:16  Siege Tank  
  124  13:18  Marine  
  130  13:26  SCV x2  
  132  13:30  Siege Tank  
  132  13:34  Supply Depot  
  132  13:37  Supply Depot  
  132  13:38  Supply Depot  
  132  13:40  Supply Depot  
  132  13:42  Supply Depot  
  132  13:43  SCV x2, Marauder, Marine, Supply Depot x2  
  132  13:46  Supply Depot, Terran Infantry Weapons Level 1  
  137  13:59  SCV  
  137  14:00  SCV  
  137  14:02  Marine x2  
  137  14:03  Armory  
  137  14:04  Siege Tank  
  137  14:06  Medivac x2  
  137  14:07  Siege Tank x4  
  137  14:08  Marine  
  149  14:13  Marauder  
  149  14:16  Terran Infantry Armor Level 1  
  148  14:38  Unknown  
  142  14:43  Marauder  
  142  14:49  Siege Tank  
  142  15:08  Marine x2  
  142  15:09  Marine  
  145  15:11  Medivac x2  
  145  15:12  Armory  
  145  15:13  Marauder  
  151  15:29  Unknown  
  151  15:31  Unknown  
  151  15:33  Marine x3  
  151  15:34  Siege Tank  
  151  15:39  Unknown  
  156  15:43  Marauder  
  158  15:53  Medivac  
  158  15:57  Barracks  
  158  15:58  Marine x3  
  163  16:00  Barracks x2  
  163  16:13  Marauder  
  163  16:18  Siege Tank  
  168  16:22  Unknown  
  168  16:23  Marine x3  
  171  16:30  Terran Vehicle And Ship Armor Level 1, Terran Vehicle Weapons Level 1  
  171  16:33  Terran Infantry Weapons Level 2, Command Center  
  171  16:34  Refinery  
  171  16:43  Marauder  
  171  16:47  Refinery  
  171  16:48  Marine x3  
  176  17:03  Siege Tank  
  179  17:13  Marauder, Marine x2  
  183  17:32  Siege Tank  
  183  17:36  Unknown  
  183  17:40  Unknown  
  183  17:48  Siege Tank  
  186  17:50  Unknown  
  186  18:00  Unknown  
  185  18:20  Unknown  
  185  18:42  Orbital Command  
  185  18:55  Orbital Command  
  185  19:42  Refinery  
  185  19:52  Command Center  
  185  19:53  Refinery  
Tags
 
Add a new tag
Caveats
  • Supply blocks, unpowered buildings, or Contaminate may cause inaccurate times.
  • Supply counts are checked every 10 seconds.